 Dungeon Crawl Stone Soup version 0.31-a0-239-g0a1456f148 (webtiles) character file.

Game seed: 5984188361380117867

2697 qw the Skirmisher (level 9, -11/79 HPs)
             Began as a Minotaur Hexslinger on July 11, 2023.
             Was an Initiate of Okawaru.
             Mangled by Urug
             ... wielding a +1 demon trident of venom
              (13 damage)
             ... on level 1 of the Lair of Beasts.
             The game lasted 00:02:20 (6821 turns).

qw the Skirmisher (Minotaur Hexslinger)             Turns: 6821, Time: 00:02:20

Health: -11/79     AC: 11    Str: 19    XL:     9   Next: 38%
Magic:  9/9        EV: 20    Int: 10    God:    Okawaru [......]
Gold:   530        SH:  0    Dex: 18    Spells: 9/10 levels left

rFire   . . .        Y - +1 sling (elec)
rCold   . . .        (no shield)
rNeg    . . .        q - +2 robe of the Pits of Slime {rElec Will- Str+7}
rPois   .            (helmet restricted)
rElec   +            a - +0 cloak
rCorr   .            (no gloves)
SInv    .            c - +1 pair of boots
Will    .....        (no amulet)
Stlth   ++           e - +4 ring of protection
HPRegen 0.33/turn    i - +5 ring of evasion
MPRegen 0.11/turn

%: no passive effects
@: lethally poisoned (-11 -> -34), about to teleport
A: horns 2, retaliatory headbutt
a: Renounce Religion


You were on level 1 of the Lair of Beasts.
You worshipped Okawaru.
Okawaru was noncommittal.
You visited 3 branches of the dungeon, and saw 10 of its levels.

You collected 530 gold pieces.


Innate Abilities, Weirdness & Mutations

You have a pair of horns on your head.
You reflexively headbutt those who attack you in melee.


   Skills:
 - Level 7.0 Fighting
 + Level 11.6 Ranged Weapons
 - Level 2.3 Armour
 - Level 5.1 Dodging
 - Level 1.0 Spellcasting
 - Level 2.0 Hexes


You had 9 spell levels left.
You knew the following spells:

 Your Spells              Type           Power      Damage    Failure   Level
a - Slow                  Hex            16%        N/A       16%         1

Your spell library contained the following spells:

 Spells                   Type           Power      Damage    Failure   Level
 Inner Flame              Hex/Fire       2%         N/A       56%         3
 Portal Projectile        Hex/Tloc       4%         N/A       56%         3
 Cause Fear               Hex            2%         N/A       83%         4

Inventory:

Hand Weapons
 Y - a +1 sling of electrocution (weapon)
Armour
 a - a +0 cloak (worn)
 c - a +1 pair of boots (worn)
 f - the +5 pair of gloves of Miracles {-Tele rElec Regen+ Int+5}
   (You acquired it on level 4 of the Dungeon)

   Int:       It affects your intelligence (+5).
   rElec:     It insulates you from electricity.
   -Tele:     It prevents most forms of teleportation.
   Regen:     It increases your rate of health regeneration.
 q - the +2 robe of the Pits of Slime (worn) {rElec Will- Str+7}
   (You found it on level 7 of the Dungeon)

   Str:       It affects your strength (+7).
   rElec:     It insulates you from electricity.
   Will:      It decreases your willpower.
Jewellery
 e - a +4 ring of protection (left hand)
 i - a +5 ring of evasion (right hand)
Scrolls
 k - 3 scrolls of identify
Potions
 d - 4 potions of curing
 g - a potion of resistance
 h - 2 potions of heal wounds
 j - a potion of haste
 m - 2 potions of enlightenment
 o - a potion of might

Dungeon Overview and Level Annotations

Branches:
Dungeon (8/15)             Temple (1/1) D:6            Lair (1/5) D:8

Altars:
Ashenzari
Cheibriados
Dithmenos
Elyvilon
Fedhas
Gozag
Kikubaaqudgha
Makhleb
Nemelex Xobeh
Okawaru
Qazlal
Ru
Sif Muna
Trog
Uskayaw
Vehumet
Wu Jian
Zin
The Shining One

Shops:
D:1 (   D:3 (

Annotations:
D:5 3 runed translucent doors, qw's ghost, amateur MiHs
D:7 1 runed translucent door, Crazy Yiuf
Lair:1 Urug


Message History

You are poisoned.
You shoot a sling bullet. The sling bullet hits Urug.
Lightning courses through Urug!
Urug is moderately wounded.
You feel very sick.
Urug hits you from afar with a +1 demon trident of venom.
You are more poisoned.
You shoot a sling bullet.
The sling bullet hits Urug but does no damage.
Lightning courses through Urug!
Urug is heavily wounded.
You feel very sick.
Urug hits you from afar with a +1 demon trident of venom!
You are more poisoned.
You shoot a sling bullet. The sling bullet barely misses Urug.
You feel extremely sick.
Enter note:
6816 ||| DRINKING 5 potions of curing.
You feel better.
6816 ||| (to cure poison) Urug closely misses you.
Enter note:
Enter note: You shoot a sling bullet.
The sling bullet hits Urug.
Urug is severely wounded.
Urug hits you with a +1 demon trident of venom!
You are poisoned.
You shoot a sling bullet. The sling bullet closely misses Urug.
You feel very sick. Urug misses you.
You shoot a sling bullet. The sling bullet hits Urug!
Urug is severely wounded.
You feel very sick.
Urug hits you with a +1 demon trident of venom!
You are more poisoned.
6821 ||| READING scroll of teleportation.
As you read the scroll of teleportation, it crumbles to dust.
You feel strangely unstable.
You feel extremely sick.
Urug hits you with a +1 demon trident of venom!
You die...

###. ###... ### ###....#
##.######......#
#...##.........# .
##....../.....#.# ...##
###...............#
......7.##.....#........#
#....@.....#####.##..#
+..>o7#...## ### ##.
.(.......#..## .
#..#..7.##.... ..
####.###.... . ... #...#
... #.... ... #...


You could see Urug.

Vanquished Creatures
  2 humans (D:8)
  A steam dragon (D:8)
  A black bear (D:4)
  2 sky beasts
  An ice beast (D:6)
  An ogre (D:5)
  A phantom (D:6)
  3 kobold brigands
  5 bullfrogs
  4 scorpions
  9 wights
  2 howler monkeys
  A jelly (D:6)
  5 hounds
  An iguana (D:5)
  An orc wizard (D:5)
  6 adders
  5 shadow imps
  2 white imps
  2 worms
  2 dart slugs
  7 orcs
  4 bats
  6 endoplasms
  2 giant cockroaches (D:2)
  9 goblins
  8 hobgoblins
  5 jackals (D:2)
  27 kobolds
  3 quokkas
  9 ball pythons
  3 frilled lizards
  24 rats
164 creatures vanquished.

Notes
Turn   | Place    | Note
-------+----------+-------------------------------------------
     0 | D:1      | qw the Minotaur Hexslinger began the quest for the Orb.
     0 | D:1      | Reached XP level 1. HP: 16/16 MP: 1/1
     0 | D:1      | 0 ||| qw: Version: 0.3-a-52-g30416fa
     0 | D:1      | 0 ||| qw: Game counter: 5961
     0 | D:1      | 0 ||| qw: Melee chars always use a shield: true
     0 | D:1      | 0 ||| qw: God list: Okawaru
     0 | D:1      | 0 ||| qw: Allow faded altars: false
     0 | D:1      | 0 ||| qw: Do Orc after clearing Dungeon:15 true
     0 | D:1      | 0 ||| qw: Do second Lair branch before Depths: true
     0 | D:1      | 0 ||| qw: Lair rune preference: random
     0 | D:1      | 0 ||| qw: Goals: Normal
     0 | D:1      | 0 ||| PLANNING D:1-11
    48 | D:1      | Reached skill level 3 in Ranged Weapons
    48 | D:1      | Reached XP level 2. HP: 23/23 MP: 2/2
   163 | D:1      | Found Paugent's Weapon Boutique.
   171 | D:1      | 171 ||| SHOPLISTING +0 shortbow of freezing (96 gold, have
                  | 57).
   171 | D:1      | 171 ||| SHOPLISTING +0 sling of freezing (61 gold, have
                  | 57).
   171 | D:1      | 171 ||| SHOPLISTING +2 antimagic sling (214 gold, have 57).
   759 | D:1      | 759 ||| UPGRADING to +4 ring of protection.
   760 | D:1      | 760 ||| UPGRADING to +5 ring of evasion.
   761 | D:1      | 761 ||| READING scroll labelled QEDUUS MUZXU.
   764 | D:1      | 764 ||| READING scroll labelled DUNLOI VIMNUU.
   765 | D:1      | 765 ||| READING scroll labelled LOMACA MEJEPH.
   766 | D:1      | 766 ||| READING 3 scrolls labelled ANOAJUFFOROR.
   767 | D:1      | 767 ||| READING scroll labelled WYATSI SOIMEU.
   768 | D:1      | 768 ||| DRINKING 2 white potions.
   769 | D:1      | 769 ||| READING 2 scrolls of identify.
   769 | D:1      | 769 ||| IDENTIFYING bubbling black potion
   770 | D:1      | 770 ||| DROPPING scroll of poison.
   814 | D:2      | Reached XP level 3. HP: 29/29 MP: 3/3
   935 | D:2      | Reached skill level 4 in Ranged Weapons
  1154 | D:2      | Found a snail-covered altar of Cheibriados.
  1431 | D:2      | Reached XP level 4. HP: 36/36 MP: 4/4
  1747 | D:2      | 1747 ||| UPGRADING to +0 leather armour.
  1757 | D:2      | 1757 ||| DROPPING +0 robe.
  1758 | D:2      | 1758 ||| DROPPING ring of willpower.
  1759 | D:2      | 1759 ||| READING scroll labelled JAH YZOF NEZE.
  1760 | D:2      | 1760 ||| READING scroll labelled ONUTOD NOISS.
  1761 | D:2      | 1761 ||| DRINKING 2 ruby potions.
  1762 | D:2      | 1762 ||| READING 2 scrolls of identify.
  1762 | D:2      | 1762 ||| IDENTIFYING red potion
  1806 | D:3      | 1806 ||| UPGRADING to +0 cloak.
  1929 | D:3      | Reached skill level 5 in Ranged Weapons
  1976 | D:3      | Found Fise Vuz's Weapon Emporium.
  2118 | D:3      | Found a glowing silver altar of Zin.
  2544 | D:3      | You fall into a shaft and drop 1 floor!
  2574 | D:4      | Noticed a scorpion
  2576 | D:4      | Killed a scorpion
  2577 | D:4      | Reached skill level 3 in Fighting
  2577 | D:4      | Reached XP level 5. HP: 46/46 MP: 5/5
  2581 | D:4      | 2581 ||| READING scroll labelled ESIRARU LIPSI.
  2581 | D:4      | Identified a scroll of acquirement
  2581 | D:4      | 2581 ||| ACQUIRING +5 pair of gloves of Miracles {-Tele
                  | rElec Regen+ Int+5}
  2581 | D:4      | Acquired the +5 pair of gloves of Miracles {-Tele rElec
                  | Regen+ Int+5}
  2583 | D:4      | 2583 ||| READING scroll labelled WOIT SIWNEON.
  2689 | D:4      | 2689 ||| DRINKING 2 inky potions.
  2690 | D:4      | 2690 ||| READING 2 scrolls of identify.
  2690 | D:4      | 2690 ||| IDENTIFYING fizzy amethyst potion
  2691 | D:4      | 2691 ||| DROPPING potion of attraction.
  2853 | D:4      | Reached skill level 6 in Ranged Weapons
  2853 | D:4      | Reached XP level 6. HP: 52/52 MP: 6/6
  3193 | D:4      | Identified the +2 scale mail of Youthful Indiscretion
                  | {rElec Int+3 Dex+4}
  3197 | D:4      | 3197 ||| READING scroll labelled EMUSSEASAKH.
  3198 | D:4      | 3198 ||| READING scroll labelled FYADI DEOXT.
  3199 | D:4      | 3199 ||| READING scroll labelled EKA TIBROC.
  3200 | D:4      | 3200 ||| READING 2 scrolls of identify.
  3200 | D:4      | 3200 ||| IDENTIFYING fuming golden potion
  3201 | D:4      | 3201 ||| DROPPING potion of berserk rage.
  3220 | D:5      | Entered Level 5 of the Dungeon
  3224 | D:5      | 3224 ||| STAIRDANCE
  3446 | D:5      | Found a runed translucent gate.
  3446 | D:5      | Found a runed translucent gate.
  3449 | D:5      | Found a runed translucent gate.
  3449 | D:5      | Noticed qw's ghost (amateur MiHs)
  3449 | D:5      | Noticed a vampire
  3493 | D:5      | Reached XP level 7. HP: 61/61 MP: 7/7
  3590 | D:5      | Found a snail-covered altar of Cheibriados.
  3839 | D:5      | Reached skill level 7 in Ranged Weapons
  3952 | D:6      | Found a staircase to the Ecumenical Temple.
  3953 | D:6      | 3953 ||| PLANNING TEMPLE
  3962 | Temple   | Entered the Ecumenical Temple
  4069 | Temple   | 4069 ||| PLANNING D:1-11
  4069 | Temple   | 4069 ||| UPGRADING to +0 pair of boots.
  4200 | D:6      | Reached skill level 8 in Ranged Weapons
  4200 | D:6      | 4200 ||| Stepping ~*~*~tactically~*~*~ (outnumbered).
  4205 | D:6      | Reached skill level 3 in Dodging
  4401 | D:6      | Reached XP level 8. HP: 68/68 MP: 8/8
  4481 | D:6      | Reached skill level 9 in Ranged Weapons
  4626 | D:6      | Found an ornate altar of the Wu Jian Council.
  4725 | D:6      | 4725 ||| Stepping ~*~*~tactically~*~*~ (outnumbered).
  4729 | D:6      | 4729 ||| Stepping ~*~*~tactically~*~*~ (outnumbered).
  4737 | D:6      | 4737 ||| Stepping ~*~*~tactically~*~*~ (outnumbered).
  4748 | D:6      | Found a white marble altar of Elyvilon.
  4845 | D:6      | 4845 ||| READING 2 scrolls of identify.
  4845 | D:6      | 4845 ||| IDENTIFYING metallic cyan potion
  4846 | D:6      | 4846 ||| DROPPING potion of lignification.
  4934 | D:7      | Reached skill level 6 in Fighting
  5041 | D:7      | Found a blossoming altar of Fedhas.
  5060 | D:7      | Identified the +2 robe of the Pits of Slime {rElec Will-
                  | Str+7}
  5143 | D:7      | 5143 ||| Stepping ~*~*~tactically~*~*~ (outnumbered).
  5294 | D:7      | Reached skill level 10 in Ranged Weapons
  5386 | D:7      | 5386 ||| READING scroll of enchant armour.
  5386 | D:7      | 5386 ||| ENCHANTING +0 pair of boots.
  5609 | D:7      | Found a runed translucent door.
  5610 | D:7      | Noticed Crazy Yiuf
  5855 | D:7      | 5855 ||| UPGRADING to +2 robe of the Pits of Slime {rElec
                  | Will- Str+7}.
  5865 | D:7      | 5865 ||| DROPPING +0 leather armour.
  5866 | D:7      | 5866 ||| DROPPING +6 ring of strength.
  5867 | D:7      | 5867 ||| DRINKING 2 bubbling brown potions.
  5868 | D:7      | 5868 ||| READING 3 scrolls of identify.
  5868 | D:7      | 5868 ||| IDENTIFYING fizzy coppery potion
  5869 | D:7      | 5869 ||| DROPPING potion of invisibility.
  5904 | D:8      | Reached XP level 9. HP: 79/79 MP: 9/9
  5946 | D:8      | Found a staircase to the Lair.
  6135 | D:8      | Found a broken altar of Ashenzari.
  6263 | D:8      | Reached skill level 11 in Ranged Weapons
  6446 | D:8      | Found an iron altar of Okawaru.
  6447 | D:8      | 6447 ||| PLANNING OKAWARU WORSHIP
  6447 | D:8      | 6447 ||| READING 4 scrolls of identify.
  6447 | D:8      | 6447 ||| IDENTIFYING dark potion
  6448 | D:8      | 6448 ||| DROPPING potion of degeneration.
  6517 | D:8      | Became a worshipper of Warmaster Okawaru
  6518 | D:8      | 6518 ||| PLANNING D:1-11
  6736 | D:8      | 6736 ||| PLANNING LAIR
  6756 | Lair:1   | Entered Level 1 of the Lair of Beasts
  6808 | Lair:1   | Noticed Urug
  6816 | Lair:1   | 6816 ||| DRINKING 5 potions of curing.
  6816 | Lair:1   | 6816 ||| (to cure poison)
  6820 | Lair:1   | HP: 8/79 [Urug/+1 demon trident of venom (13)]
  6821 | Lair:1   | 6821 ||| READING scroll of teleportation.
  6821 | Lair:1   | HP: 2/79 [poisoned by Urug]
  6821 | Lair:1   | Mangled by Urug

Levels and vault maps discovered:
D:1:      minmay_arrival_radiant_lines, layout_basic, serial_shops, shop,
          serial_aquarium, aquarium_bridge_long_separate
          [aquarium_subvault_wall, aquarium_subvault_bridge,
          aquarium_subvault_wall, aquarium_subvault_window,
          aquarium_subvault_bridge, aquarium_subvault_bridge],
          aquarium_bridge_square [aquarium_subvault_bridge,
          aquarium_subvault_bridge, aquarium_subvault_balcony,
          aquarium_subvault_window], aquarium_window_2, aquarium_window_fake,
          aquarium_view_2b, aquarium_pool_side
D:2:      kb_forest_paths, layout_basic, basic_altar, minmay_hexomino_p4
D:3:      layout_loops_ring, old_standard_altar, serial_shops,
          nicolae_shop_bloodbath_and_beyond, serial_co_window_serial,
          co_window_paths_b, co_window_of_opportunity_a, co_window_paths_a,
          co_window_corner_a, co_window_corner_a, co_window_corner_cb,
          co_window_corner_b, co_window_unsneaky_path_d, glass_columns_b,
          glass_columns_c, glass_columns_a, minmay_rat_hole
D:4:      layout_rooms
D:5:      layout_rooms, kennysheep_mini, gammafunk_ghost_split,
          serial_corexii_hall, corexii_hall_statues_l,
          chequers_hall_statues_corner_a, corexii_hall_statues_u,
          minmay_misc_feat_x
D:6:      layout_loops_ring, mainiacjoe_overflow_alcove_2,
          mainiacjoe_overflow_catwalk, minmay_temple_entry_statues_fountains,
          kennysheep_generic_room_5
D:7:      layout_loops_corners, fedhas_altar_3, uniq_crazy_yiuf_cottage
D:8:      layout_basic, ashenzari_conservatory_becter, okawaru_humans,
          dpeg_oklobed_lair, hangedman_decor_peaks_small
Temple:   nicolae_temple_godzebo
Lair:1:   layout_cave_pods, minmay_lair_oklob_items, grunt_megastairs_2,
          uniq_urug

Skill      XL: |  1  2  3  4  5  6  7  8  9 |
---------------+----------------------------+-----
Ranged Weapons | 3 4 5 6 8 10 11 | 11.6
Fighting       | 2 3 5 7 |  7.0
Armour         | 2 |  2.3
Dodging        | 3 4 5 |  5.1
Spellcasting   | |  1.0
Hexes          | |  2.0

Action                     |  1- 3 |  4- 6 |  7- 9 || total
---------------------------+-------+-------+-------++-------
   Fire: Sling             |   118 |   132 |   261 ||   511
    Use: Scroll            |     6 |    10 |     5 ||    21
         Potion            |     1 |     2 |     2 ||     5
 Armour: Robe              |    12 |       |     6 ||    18
         Leather armour    |       |    15 |    27 ||    42
  Dodge: Dodged            |    46 |    58 |   124 ||   228

Table legend:
 A = Non-vault XP
 B = Vault XP
 C = Vault XP percentage of total XP
 D = Non-vault monster count
 E = Vault monster count
 F = Vault count percentage of total count
                 A         B        C        D         E       F
            +---------+---------+-------+---------+---------+-------
      Total |    3377 |     477 |  12.4 |     132 |      32 |  19.5
            +---------+---------+-------+---------+---------+-------
        D:1 |      32 |       0 |   0.0 |      18 |       0 |   0.0
        D:2 |      60 |      15 |  20.0 |      28 |       9 |  24.3
        D:3 |      79 |      20 |  20.2 |      11 |      19 |  63.3
        D:4 |     416 |       0 |   0.0 |      14 |       0 |   0.0
        D:5 |     295 |       0 |   0.0 |       9 |       0 |   0.0
        D:6 |     726 |      48 |   6.2 |      22 |       2 |   8.3
        D:7 |     819 |       0 |   0.0 |      20 |       0 |   0.0
        D:8 |     950 |     394 |  29.3 |      10 |       2 |  16.7
            +---------+---------+-------+---------+---------+-------
